 Dungeon Crawl Stone Soup version 0.29-a0-284-gf9362112df (webtiles) character file.

Game seed: 930370626109285946

29 avis the Sneak (level 3, -1/24 HPs)
             Began as an Octopode Transmuter on Mar 21, 2022.
             Slain by a worm (11 damage)
             ... on level 1 of the Dungeon.
             The game lasted 00:05:35 (1642 turns).

avis the Sneak (Octopode Transmuter)                Turns: 1642, Time: 00:05:35

Health: -1/24      AC:  1    Str: 11    XL:     3   Next: 16%
Magic:  5/6        EV: 13    Int: 15    God:
Gold:   60         SH:  0    Dex: 12    Spells: 2/6 levels left

rFire   . . .      SeeInvis .   a - staff of poison
rCold   . . .      Faith    .   (no shield)
rNeg    . . .      Spirit   .   (helmet currently unavailable)
rPois   +          Reflect  .   (no amulet)
rElec   .          Harm     .   (no ring)
rCorr   .          Rampage  .   (no ring)
Will    .....                   (no ring)
Stlth   +++.......              (no ring)
HPRegen 0.08/turn               (no ring)
MPRegen 0.10/turn               (no ring)
                                (no ring)
                                (no ring)

@: appendages (expiring)
A: tentacle spike 3, almost no armour, amphibious, 8 rings, camouflage 1,
gelatinous body 1, (nimble swimmer 1), tentacles
a: End Transformation


You were on level 1 of the Dungeon.
One of your tentacles had grown a beastly spike.
You visited 1 branch of the dungeon, and saw 2 of its levels.

You collected 60 gold pieces.

Inventory:

Hand Weapons
 b - a +0 hunting sling
Missiles
 d - 47 stones
Magical Staves
 a - a staff of poison (weapon)
Wands
 i - a wand of polymorph (6)
Scrolls
 c - a scroll of immolation {unknown}
 f - a scroll of amnesia {unknown}
 h - a scroll of blinking {unknown}
Potions
 e - a potion of curing {unknown}
 g - a potion of lignification


   Skills:
 - Level 2.0 Fighting
 - Level 2.0 Dodging
 * Level 3.1 Stealth
 - Level 3.0 Unarmed Combat
 - Level 2.0 Spellcasting
 - Level 2.0 Transmutations


You had 2 spell levels left.
You knew the following spells:

 Your Spells              Type           Power      Damage    Failure   Level
a - Beastly Appendage     Tmut           14%        N/A       10%         1
p - Spider Form           Tmut/Pois      6%         N/A       41%         3

Your spell library contained the following spells:

 Spells                   Type           Power      Damage    Failure   Level
 Wereblood                Tmut           7%         N/A       14%         2
 Ice Form                 Ice/Tmut       4%         N/A       82%         4


Dungeon Overview and Level Annotations

Branches:
Dungeon (2/15)

Altars:

Shops:
D:2 !


Innate Abilities, Weirdness & Mutations

One of your tentacles has grown a beastly spike.
You cannot wear most types of armour.
You are amphibious.
You can wear up to eight rings at the same time.
Your skin changes colour to match your surroundings (Stealth+).
Your rubbery body absorbs attacks. (AC +1, EV +1)
((You are camouflaged when in or above water. (Stealth+)))
You have tentacles for arms and can constrict up to eight enemies at once.


Message History

Your transformation is almost over.
You climb downwards.
Found a robe.
Found a stone staircase leading down and a stone staircase leading up.
There is a stone staircase leading up here.
An orc wizard comes into view. It is wielding a +0 dagger.
Found a stone staircase leading down.
A jackal comes into view.
Found a scroll labelled CUOKEN JIMNANK.
The helpless worm fails to defend itself.
You hit the worm. Your grab misses the worm. Your squeeze misses the worm.
The worm is lightly wounded.
The worm bites you.
You hit the worm. You grab the worm.
Your tentacle spike misses the worm.
The worm is lightly wounded.
You constrict the worm.
The goblin shouts!
You hear a bark! x2; The jackal barks!
A jackal comes into view.
An orc comes into view. It is wielding a +0 club.
The orc misses you.
You release your grip on the worm.
The orc wizard gestures wildly while chanting.
The orc wizard flickers and vanishes!
Deactivating autopickup; reactivate with Ctrl-A.
The orc attacks as you move away! The orc barely misses you.
There is a stone staircase leading up here.
Your tentacle spike disappears.
The orc misses you.
You climb upwards.
Reactivating autopickup.
There is a stone staircase leading down here.
Casting: Beastly Appendage (safe; 10% risk of failure)
Confirm with . or Enter, or press ? or * to list all spells.
One of your tentacles grows a vicious spike.
Your transformation is almost over.
The worm bites you! The orc hits you with a +0 whip.
You hit the worm. You grab the worm.
The worm is moderately wounded.
You constrict the worm. The orc barely misses you. The worm bites you!
You die...

#.# ##.## #≈##≈###≈ #.# ##...##
#≈##≈# #≈ #.#######.....#
#≈##≈# #≈ #........#...##
#≈##≈# #≈
#.##.###.##)########≈#≈≈###≈
#.##.###.##........#≈#≈#≈≈≈≈
#.##........########≈#≈#≈≈≈≈
#####≈#≈≈≈##.##w# ##≈≈#≈#≈#
#≈##≈≈#....#.##@# #≈≈≈###≈#
#≈#≈≈≈≈..≈.#.##o# #≈### ###
#≈≈≈≈≈≈≈.....##.# #####≈#
##.♣.♣.≈...≈.###.# #...###
#.≈≈≈≈.#..≈......####.###.#
#..≈≈..≈≈≈≈≈..............#
#.≈≈♣#..♣#≈......####.##).#
#.≈.≈.......###...###.##..#####
#..≈.#≈≈≈.≈###...[.##.........#


You could see a worm and an orc.

Vanquished Creatures
  A worm (D:2)
  2 dart slugs (D:1)
  2 endoplasms
  A giant cockroach (D:2)
  A goblin (D:1)
  2 hobgoblins (D:1)
  3 jackals (D:1)
  A quokka (D:1)
  2 ball pythons
  2 bats (D:1)
  A kobold (D:1)
  4 rats
22 creatures vanquished.

Notes
Turn   | Place    | Note
-------+----------+-------------------------------------------
     0 | D:1      | avis the Octopode Transmuter began the quest for the Orb.
     0 | D:1      | Reached XP level 1. HP: 13/13 MP: 3/3
    23 | D:1      | Reached skill level 1 in Stealth
   222 | D:1      | Reached XP level 2. HP: 12/18 MP: 3/5
  1420 | D:2      | Reached XP level 3. HP: 14/24 MP: 4/6
  1425 | D:2      | Found Joci's Distillery.
  1629 | D:1      | Learned a level 3 spell: Spider Form
  1642 | D:1      | Slain by a worm

Illustrated notes

Levels and vault maps discovered:
D:1:      dpeg_arrival_short_road, layout_loops_corners,
          chequers_serial_rivers_large_b, st_stairs_8,
          chequers_serial_rivers_marsh
D:2:      layout_rooms, serial_shops, shop, uniq_crazy_yiuf_cottage

Skill      XL: |  1  2  3 |
---------------+----------+-----
Stealth        | 2 3 |  3.1
Fighting       | 2 |  2.0
Dodging        | |  2.0
Unarmed Combat | |  3.0
Spellcasting   | |  2.0
Transmutations | |  2.0

Action                   || total
-------------------------++-------
Melee: Unarmed           ||    41
       Kick              ||    10
       Tentacles         ||     6
       Constrict         ||    10
       Punch             ||     1
       Staff             ||     3
 Fire: Hunting sling     ||    15
 Cast: Beastly Appendage ||    15
 Stab: Sleeping          ||     3
Armor: Skin              ||     4
Dodge: Dodged            ||    26

Table legend: (Time is in decaauts)
 A = Elapsed time spent in this place.
 B = Non-inter-level travel time spent in this place.
 C = Inter-level travel time spent in this place.
 D = Time resting spent in this place.
 E = Time spent auto-exploring this place.
 F = Levels seen in this place.
 G = Mean time per level.
                   A        B        C        D        E       F      G
               +--------+--------+--------+--------+--------+-----+--------+
         Total |   1640 |   1563 |     77 |    629 |    724 |   2 |  820.0 |
       Dungeon |   1640 |   1563 |     77 |    629 |    724 |   2 |  820.0 |
               +--------+--------+--------+--------+--------+-----+--------+

Top non-repeatable levels by time:
     D:1: 1588 daAuts
     D:2: 51 daAuts
